 Dungeon Crawl Stone Soup version 0.28.0-1-gb440e238dd (webtiles) character file.

Game seed: 9399384447317776199

14 croobank the Firebug (level 2, -3/17 HPs)
             Began as an Octopode Fire Elementalist on Feb 19, 2022.
             Slain by an adder (4 damage)
             ... on level 2 of the Dungeon.
             The game lasted 00:02:15 (1411 turns).

croobank the Firebug (Octopode Fire Elementalist)   Turns: 1411, Time: 00:02:21

Health: -3/17      AC:  1    Str:  7    XL:     2   Next: 45%
Magic:  0/5        EV: 13    Int: 17    God:
Gold:   51         SH:  0    Dex: 12    Spells: 2/5 levels left

rFire   . . .      SeeInvis .   (no weapon)
rCold   . . .      Faith    .   (no shield)
rNeg    . . .      Spirit   .   (helmet restricted)
rPois   .          Reflect  .   (no amulet)
rElec   .          Harm     .   (no ring)
rCorr   .          Rampage  .   (no ring)
Will    .....                   (no ring)
Stlth   +++.......              (no ring)
HPRegen 0.05/turn               (no ring)
MPRegen 0.09/turn               (no ring)
                                (no ring)
                                (no ring)

@: no status effects
A: almost no armour, amphibious, 8 rings, camouflage 1, gelatinous body 1,
(nimble swimmer 1), tentacles
a: no special abilities


You were on level 2 of the Dungeon.
You visited 1 branch of the dungeon, and saw 2 of its levels.

You collected 51 gold pieces.

Inventory:

Missiles
 b - 8 stones
 d - 37 arrows
 h - 2 poisoned darts (quivered)
Scrolls
 a - a scroll of enchant weapon
Potions
 e - a potion of ambrosia {unknown}


   Skills:
 + Level 2.2 Dodging
 + Level 3.1 Stealth
 + Level 2.1 Spellcasting
 + Level 1.3 Conjurations
 + Level 3.1 Fire Magic


You had 2 spell levels left.
You knew the following spells:

 Your Spells              Type           Power      Damage    Failure   Level
a - Foxfire               Conj/Fire      36%        2x1d5     8%          1
b - Scorch                Fire           24%        2d6       8%          2

Your spell library contained the following spells:

 Spells                   Type           Power      Damage    Failure   Level
 Conjure Flame            Conj/Fire      9%         6-21      22%         3
 Inner Flame              Hex/Fire       7%         N/A       30%         3
 Flame Wave               Conj/Fire      9%         2d5       58%         4


Dungeon Overview and Level Annotations

Branches:
Dungeon (2/15)

Altars:


Innate Abilities, Weirdness & Mutations

You cannot wear most types of armour.
You are amphibious.
You can wear up to eight rings at the same time.
Your skin changes colour to match your surroundings (Stealth+).
Your rubbery body absorbs attacks. (AC +1, EV +1)
((You are camouflaged when in or above water. (Stealth+)))
You have tentacles for arms and can constrict up to eight enemies at once.


Message History

Confirm with . or Enter, or press ? or * to list all spells.
Flames lash the adder.
The adder is lightly wounded.
The adder's fire resistance burns away.
Casting: Scorch (safe; 8% risk of failure)
Confirm with . or Enter, or press ? or * to list all spells.
You conjure some foxfire!
The foxfire hits the adder.
The adder is burned terribly!
The adder is heavily wounded.
Casting: Foxfire (safe; 8% risk of failure)
Confirm with . or Enter, or press ? or * to list all spells.
You don't have enough magic to cast this spell.
Your foxfire dissipates!
The adder is no longer more vulnerable to fire.
Your magical contamination has completely faded away.
The adder bites you. The adder closely misses you. The adder bites you.
You are poisoned.
The adder poisons you!
Casting: Foxfire (safe; 8% risk of failure)
Confirm with . or Enter, or press ? or * to list all spells.
You conjure some foxfire!
You feel sick. The adder bites you.
You feel sick.
The foxfire hits the adder.
The adder is almost dead.
The adder bites you.
* * * LOW HITPOINT WARNING * * *
You barely miss the adder. Your grab misses the adder.
Your squeeze misses the adder.
The adder is almost dead.
* * * LOW HITPOINT WARNING * * *
You feel sick. The adder closely misses you.
Casting: Foxfire (safe; 8% risk of failure)
Confirm with . or Enter, or press ? or * to list all spells.
You conjure some foxfire!
* * * LOW HITPOINT WARNING * * *
You feel sick.
You are no longer poisoned.
The adder bites you.
You die...

*,,,,,,*
#.#
*,****,*
#.# *,* *,*
#.# *,* *,*
#.# *,* *,*
#.# *,* *,*
#.#
,,****,*
#.#
,,,,,,,*
###S#
,,******
#.v@# ,,*
#.### ,,*
#.########
,,*
#........#
,,*
##.##.##.#
,,*
##........#
,**
#.....P...#
,*
#......P..#
,*
#...P♣P...#


You could see an adder (ally target).

Vanquished Creatures
  2 ball pythons
  2 bats (D:1)
  2 endoplasms
  2 giant cockroaches (D:1)
  A hobgoblin (D:1)
  3 frilled lizards (D:1)
  2 rats (D:1)
14 creatures vanquished.

Vanquished Creatures (collateral kills)
  2 foxfires (D:2)
2 creatures vanquished.

Vanquished Creatures (others)
  28 foxfires
28 creatures vanquished.

Grand Total: 44 creatures vanquished

Notes
Turn   | Place    | Note
-------+----------+-------------------------------------------
     0 | D:1      | croobank the Octopode Fire Elementalist began the quest for
                  | the Orb.
     0 | D:1      | Reached XP level 1. HP: 11/11 MP: 3/3
   544 | D:1      | Reached XP level 2. HP: 14/17 MP: 3/5
  1208 | D:2      | Found a faded altar of an unknown god.
  1257 | D:2      | Learned a level 2 spell: Scorch
  1411 | D:2      | Slain by an adder

Illustrated notes

Levels and vault maps discovered:
D:1:      lemuel_arrival_behind_the_door_large, layout_basic, serial_curves,
          eino_curves_01, eino_curves_04, eino_curves_03, eino_curves_03
D:2:      layout_loops_ring, dreamdust_ecumenical_altar_grove

Skill      XL: |  1  2 |
---------------+-------+-----
Stealth        | 3 |  3.1
Dodging        | |  2.2
Spellcasting   | |  2.1
Conjurations   | |  1.3
Fire Magic     | |  3.1

Action                   || total
-------------------------++-------
Melee: Unarmed           ||     8
       Constrict         ||     2
       Tentacles         ||     2
 Cast: Foxfire           ||    20
       Scorch            ||     1
  Use: Scroll            ||     4
Armor: Skin              ||     1
Dodge: Dodged            ||     6
